 Dungeon Sprint DCSS version 0.30-a0-140-gd1020e658a (webtiles) character file.

Game seed: 7218166682626662227

29091 mhtbhm the Metallomancer (level 13, -11/63 HPs)
             Began as a Gargoyle Earth Elementalist on Sept 24, 2022.
             Was the Champion of Vehumet.
             Mangled by a ghost moth (12 damage)
             ... in the Dungeon (Sprint IX: "|||||||||||||||||||||||||||||").
             The game lasted 00:18:06 (6757 turns).

mhtbhm the Metallomancer (GrEE)                     Turns: 6757, Time: 00:18:06

Health: -11/63     AC: 20    Str: 10 (11) XL:     13   Next: 43%
Magic:  0/36       EV: 15    Int: 20 (22) God:    Vehumet [******]
Gold:   977        SH:  0    Dex:  7 (10) Spells: 9/51 levels left

rFire   . . .      SeeInvis .    i - +2 morningstar (protect)
rCold   . . .      Faith    .    (no shield)
rNeg    + . .      Spirit   .    a - +2 robe {Archmagi}
rPois   ∞          Reflect  .    v - +2 hat
rElec   +          Harm     .    k - +0 cloak
rCorr   .          Rampage  .    (no gloves)
Will    .....      Archmagi +    j - +0 pair of boots
Stlth   +++....... NoTele   +    (no amulet)
HPRegen 0.20/turn                l - +2 ring of protection
MPRegen 0.25/turn                m - +2 ring of evasion

@: no status effects
A: sickness immunity, AC +9, negative energy resistance 1, electricity
resistance, torment resistance 1, petrification resistance
a: Renounce Religion


You were in the Dungeon.
You worshipped Vehumet.
Vehumet was exalted by your worship.
You visited 1 branch You collected 1945 gold pieces.
You spent 968 gold pieces at shops.

Inventory:

Hand Weapons
 i - a +2 morningstar of protection (weapon)
Armour
 a - a +2 robe of the Archmagi (worn)
 j - a +0 pair of boots (worn)
 k - a +0 cloak (worn)
 v - a +2 hat (worn)
Jewellery
 l - a +2 ring of protection (left hand)
 m - a +2 ring of evasion (right hand)
 s - a ring of fire
 u - a ring of willpower
 w - a ring of willpower
Scrolls
 f - 2 scrolls of amnesia
 p - 2 scrolls of enchant weapon
 q - 3 scrolls of fear
 r - 2 scrolls of enchant armour
 t - 2 scrolls of identify
Potions
 b - 2 potions of magic
 c - a potion of invisibility
 d - 2 potions of heal wounds
 e - 8 potions of curing
 g - a potion of haste
 n - 3 potions of brilliance
 o - 2 potions of mutation
 x - a potion of flight {unknown}


   Skills:
 + Level 4.9 Armour
 + Level 7.7 Dodging
 + Level 6.6 Stealth
 - Level 1.6 Unarmed Combat
 + Level 19.8 Spellcasting
 + Level 14.9 Conjurations
 + Level 2.8 Transmutations
 + Level 2.9 Fire Magic
 + Level 1.0 Ice Magic
 + Level 1.3 Air Magic
 + Level 23.3 Earth Magic
 + Level 5.5 Poison Magic
 + Level 4.1 Evocations


You had 9 spell levels left.
You knew the following spells:

 Your Spells              Type           Power      Damage    Failure   Level
a - Sandblast             Erth           100%       2d20      0%          1
b - Passwall              Tmut/Erth      69%        N/A       1%          2
c - Stone Arrow           Conj/Erth      100%       3d13      0%          3
d - Petrify               Tmut/Erth      83%        N/A       1%          4
e - Olgreb's Toxic Radia  Pois           59%        N/A       1%          4
f - Fireball              Conj/Fire      35%        3d15      1%          5
g - Iron Shot             Conj/Erth      49%        9d9       1%          6
h - Starburst             Conj/Fire      35%        6d10      2%          6
i - Lee's Rapid Deconstr  Erth           53%        3d26*     0%          5
j - Mephitic Cloud        Conj/Pois/Air  65%        N/A       1%          3
k - Frozen Ramparts       Ice            72%        1d11      1%          3

Your spell library contained the following spells:

 Spells                   Type           Power      Damage    Failure   Level
 Lehudib's Crystal Spear  Conj/Erth      49%        10d12     1%          8
 Shatter                  Erth           53%        3d40*     5%          9
 Polar Vortex             Ice            18%        N/A       100%        9
 Magic Dart               Conj           100%       1d8       0%          1
 Animate Armour           Summ/Erth      100%       N/A       1%          4
 Call Imp                 Summ           29%        N/A       3%          2
 Ice Form                 Ice/Tmut       41%        N/A       11%         4
 Summon Ice Beast         Ice/Summ       33%        N/A       21%         4
 Monstrous Menagerie      Summ           14%        N/A       100%        7


Dungeon Overview and Level Annotations

Branches:
Dungeon (1/1)

Altars:
Cheibriados
Dithmenos
Elyvilon
Fedhas
Gozag
Hepliaklqana
Kikubaaqudgha
Makhleb
Nemelex Xobeh
Okawaru
Qazlal
Ru
Sif Muna
Trog
Uskayaw
Vehumet
Wu Jian
Xom
Yredelemnul
Zin
The Shining One
Jiyva
Lugonu

Shops:
D (:((


Innate Abilities, Weirdness & Mutations

You are immune to sickness and miasma.
Your stone body is resilient. (AC +9)
You are immune to poison.
You resist negative energy. (rN+)
You are resistant to electric shocks. (rElec)
You are resistant to unholy torment.
You are immune to petrification.


Message History

Press: ? - help, Shift-Dir - straight line
Okay, then.
You feel much better. Something hits you! x2
You feel dopey. Something stings you.
Unknown command.
That's the wrong kind of item! (Use * to select it.) Evoke which item? (* to show all) (? for menu, Esc to quit)
Aiming: Bolt of Light
Press: ? - help, Shift-Dir - straight line The bolt of light hits something.
Something barely misses you. Something hits you.
* * * LOW HITPOINT WARNING * * *
Something stings you but does no damage.
Unknown command.
Unknown command.
You feel much better.
You feel you are being watched by something.
You feel your power leaking away. Something hits you. Something hits you!
Something stings you but does no damage.
Unknown command.
Aiming: Bolt of Light
Press: ? - help, Shift-Dir - straight line The bolt of light hits something!!
The now-empty wand crumbles to dust.
Something hits you!
You feel clumsy. Something hits you but does no damage. Something stings you.
* * * LOW HITPOINT WARNING * * *
Unknown command.
Unknown command.
You feel much better. Something hits you!
You feel dopey. Something hits you!
* * * LOW HITPOINT WARNING * * *
Something stings you but does no damage.
Something hits you but does no damage. Something hits you!
* * * LOW HITPOINT WARNING * * *
Something stings you!
You die...

_▓.▓.▓.▓)▓.▓[▓)▓
_▓.▓.▓.▓)▓.▓.▓.▓.▓
_▓.▓.▓(▓.▓.▓)▓.▓.▓
_▓.▓'▓.▓)▓.▓)▓.▓.▓
_▓.▓.▓.▓.▓.▓)▓.▓.▓
_▓.▓.▓.▓)▓.▓)▓.▓.▓
_▓.▓.▓)▓.▓.▓)▓.▓.▓
_▓.▓.▓.▓)▓.▓)▓.▓{▓
'▓.▓.▓)▓)▓.▓)▓.▓@▓
)▓.▓)▓.▓)▓.▓)▓)▓'▓
.▓.▓.▓.▓)▓.▓.▓.▓.▓
.▓.▓?▓.▓)▓.▓=▓.▓.▓
†▓.▓.▓)▓.▓.▓.▓.▓.▓
[▓.▓.▓.▓.▓.▓.▓.▓.▓
'▓.▓.▓.▓.▓.▓.▓.▓.▓
.▓.▓.▓.▓.▓.▓'▓.▓.▓
.▓.▓.▓.▓.▓.▓.▓.▓.▓


There were no monsters in sight!

Vanquished Creatures
  Rupert (D)
  Gastronok (D)
  A stone giant (D)
  An ettin (D)
  Josephine (D)
  3 ice dragons (D)
  A hydra (D)
  An ogre mage (D)
  2 catoblepae (D)
  A centaur warrior (D)
  3 death yaks (D)
  2 two-headed ogres (D)
  2 tengu warriors (D)
  A deep troll earth mage (D)
  A sun moth (D)
  2 pharaoh ants (D)
  A wizard (D)
  4 orc knights (D)
  A wolf spider (D)
  An ugly thing (D)
  6 orc sorcerers (D)
  2 cyclopes (D)
  2 black mambas (D)
  An elephant (D)
  A komodo dragon (D)
  A cane toad (D)
  A slime creature (D)
  A troll (D)
  A tarantella (D)
  A blink frog (D)
  2 culicivoras (D)
  3 wyverns (D)
  4 wraiths (D)
  7 yaks (D)
  A basilisk (shapeshifter) (D)
  A basilisk (D)
  A vampire mosquito (D)
  2 water moccasins (D)
  An acid dragon (D)
  8 orc warriors (D)
  A tengu (shapeshifter) (D)
  A black bear (D)
  2 bullfrogs (D)
  A killer bee (D)
  A hound (D)
  4 orc priests (D)
  7 orc wizards (D)
  A gnoll (D)
  An adder (D)
  7 orcs (D)
  A bat (D)
  3 quokkas (D)
  A frilled lizard (D)
109 creatures vanquished.

Vanquished Creatures (others)
  A ghost moth (D)
  A centaur warrior (D)
  2 orc sorcerers (D)
  A slime creature (D)
  2 orc wizards (D)
7 creatures vanquished.

Grand Total: 116 creatures vanquished

Notes
Turn   | Place    | Note
-------+----------+-------------------------------------------
     0 | D        | mhtbhm the Gargoyle Earth Elementalist began the quest for
                  | the Orb.
     0 | D        | Reached XP level 1. HP: 10/10 MP: 3/3
     5 | D        | Reached skill level 4 in Earth Magic
   202 | D        | Noticed a hound
   202 | D        | Noticed a black bear
   224 | D        | Reached XP level 2. HP: 15/15 MP: 0/5
   226 | D        | Reached skill level 5 in Earth Magic
   231 | D        | Killed a black bear
   232 | D        | Reached skill level 1 in Unarmed Combat
   232 | D        | Reached skill level 8 in Earth Magic
   232 | D        | Reached XP level 3. HP: 14/19 MP: 1/9
   232 | D        | Reached XP level 4. HP: 18/24 MP: 1/10
   234 | D        | Reached skill level 5 in Spellcasting
   234 | D        | Reached XP level 5. HP: 17/28 MP: 1/12
   239 | D        | Reached skill level 9 in Earth Magic
   278 | D        | Found a snail-covered altar of Cheibriados.
   278 | D        | Found a shadowy altar of Dithmenos.
   278 | D        | Found a white marble altar of Elyvilon.
   278 | D        | Found a blossoming altar of Fedhas.
   278 | D        | Found an opulent altar of Gozag.
   279 | D        | Found a hazy altar of Hepliaklqana.
   280 | D        | Found a viscous altar of Jiyva.
   281 | D        | Found an ancient bone altar of Kikubaaqudgha.
   282 | D        | Found a corrupted altar of Lugonu.
   283 | D        | Found a burning altar of Makhleb.
   284 | D        | Found a sparkling altar of Nemelex Xobeh.
   285 | D        | Found an iron altar of Okawaru.
   286 | D        | Found a stormy altar of Qazlal.
   287 | D        | Found a sacrificial altar of Ru.
   288 | D        | Found a shimmering blue altar of Sif Muna.
   289 | D        | Found a bloodstained altar of Trog.
   290 | D        | Found a hide-covered altar of Uskayaw.
   291 | D        | Found a radiant altar of Vehumet.
   292 | D        | Found an ornate altar of the Wu Jian Council.
   293 | D        | Found a shimmering altar of Xom.
   294 | D        | Found a basalt altar of Yredelemnul.
   295 | D        | Found a glowing silver altar of Zin.
   296 | D        | Found a glowing golden altar of the Shining One.
   299 | D        | Became a worshipper of Vehumet
   337 | D        | Learned a level 2 spell: Passwall
   341 | D        | Learned a level 3 spell: Stone Arrow
   346 | D        | Learned a level 4 spell: Petrify
   484 | D        | Noticed an acid dragon
   484 | D        | Noticed a two-headed ogre
   484 | D        | Noticed a yak
   484 | D        | Noticed a two-headed ogre
   484 | D        | Noticed an orc warrior
   488 | D        | Killed an orc warrior
   489 | D        | Reached skill level 1 in Transmutations
   489 | D        | Reached skill level 10 in Earth Magic
   489 | D        | Reached XP level 6. HP: 25/32 MP: 6/15
   538 | D        | Killed a two-headed ogre
   539 | D        | Reached skill level 1 in Conjurations
   539 | D        | Reached skill level 13 in Earth Magic
   539 | D        | Reached skill level 1 in Evocations
   539 | D        | Reached XP level 7. HP: 34/36 MP: 2/19
   749 | D        | Reached * piety under Vehumet
   749 | D        | Offered knowledge of Shock by Vehumet.
   750 | D        | Reached XP level 8. HP: 41/41 MP: 16/21
   895 | D        | Killed a yak
   896 | D        | Reached skill level 14 in Earth Magic
   935 | D        | Killed a two-headed ogre
   936 | D        | Reached skill level 5 in Dodging
   936 | D        | Reached skill level 5 in Stealth
   936 | D        | Reached skill level 10 in Spellcasting
   936 | D        | Reached skill level 15 in Earth Magic
  1323 | D        | Offered knowledge of Freeze by Vehumet.
  1324 | D        | Reached XP level 9. HP: 45/45 MP: 20/24
  1356 | D        | Noticed a fire crab
  1356 | D        | Noticed a troll
  1356 | D        | Noticed a centaur warrior
  1356 | D        | Noticed a centaur warrior
  1356 | D        | Noticed a cyclops
  1360 | D        | Killed a cyclops
  1360 | D        | Reached ** piety under Vehumet
  1360 | D        | Killed a centaur warrior
  1361 | D        | Reached skill level 16 in Earth Magic
  1362 | D        | Killed a centaur warrior
  1363 | D        | Reached skill level 17 in Earth Magic
  1369 | D        | a fire crab changed into a harpy
  1369 | D        | Noticed a harpy (shapeshifter)
  1383 | D        | a harpy changed into a golden eye
  1420 | D        | Killed a troll
  1422 | D        | Reached *** piety under Vehumet
  1667 | D        | Noticed a black mamba
  1667 | D        | Noticed a komodo dragon
  1667 | D        | Noticed a cane toad
  1670 | D        | Offered knowledge of Searing Ray by Vehumet.
  1671 | D        | Reached XP level 10. HP: 50/50 MP: 18/26
  1672 | D        | Reached skill level 5 in Conjurations
  1673 | D        | Killed a cane toad
  1677 | D        | Reached skill level 1 in Armour
  1678 | D        | Killed a black mamba
  1678 | D        | Reached **** piety under Vehumet
  1679 | D        | Reached skill level 18 in Earth Magic
  1826 | D        | Offered knowledge of Olgreb's Toxic Radiance by Vehumet.
  2077 | D        | Learned a level 4 spell: Olgreb's Toxic Radiance
  2082 | D        | Noticed an elephant
  2082 | D        | Noticed a four-headed hydra
  2082 | D        | Noticed a black mamba
  2085 | D        | Offered knowledge of Lightning Bolt by Vehumet.
  2085 | D        | Reached ***** piety under Vehumet
  2088 | D        | Killed a black mamba
  2091 | D        | Killed a four-headed hydra
  2092 | D        | Reached skill level 1 in Poison Magic
  2094 | D        | Killed an elephant
  2096 | D        | Reached XP level 11. HP: 39/54 MP: 6/29
  2307 | D        | Offered knowledge of Fireball by Vehumet.
  2317 | D        | Reached skill level 19 in Earth Magic
  2498 | D        | Noticed a catoblepas
  2498 | D        | Noticed a death yak
  2498 | D        | Noticed a catoblepas
  2498 | D        | Noticed a death yak
  2523 | D        | Noticed a death yak
  2750 | D        | Killed a death yak
  2926 | D        | Killed a catoblepas
  3142 | D        | Learned a level 5 spell: Fireball
  3377 | D        | Killed a death yak
  3445 | D        | Killed a catoblepas
  3445 | D        | Reached ****** piety under Vehumet
  3446 | D        | Reached skill level 15 in Spellcasting
  3446 | D        | Reached skill level 1 in Fire Magic
  3553 | D        | Killed a death yak
  3554 | D        | Reached skill level 10 in Conjurations
  3668 | D        | Offered knowledge of Iskenderun's Mystic Blast by Vehumet.
  3796 | D        | Noticed Gastronok
  3804 | D        | Killed Gastronok
  3805 | D        | Reached skill level 20 in Earth Magic
  3941 | D        | Noticed an orc knight
  3947 | D        | Noticed a stone giant
  3951 | D        | Killed an orc knight
  4131 | D        | Killed a stone giant
  4143 | D        | Offered knowledge of Iron Shot by Vehumet.
  4151 | D        | Learned a level 6 spell: Iron Shot
  4336 | D        | Noticed an orc knight
  4347 | D        | Killed an orc knight
  4347 | D        | Offered knowledge of Eringya's Noxious Bog by Vehumet.
  4348 | D        | Reached XP level 12. HP: 59/59 MP: 11/32
  4608 | D        | Found Peogus's Antique Weapon Boutique.
  4611 | D        | Reached skill level 21 in Earth Magic
  4705 | D        | Offered knowledge of Starburst by Vehumet.
  4713 | D        | Found Lybboum's Weapon Shop.
  4722 | D        | Learned a level 6 spell: Starburst
  4724 | D        | Found Xottix's Book Boutique.
  4727 | D        | Found Nuidoe's Antique Weapon Shop.
  4841 | D        | Bought the Enchiridion on Spelunking and the Legion for 462
                  | gold pieces
  4847 | D        | Learned a level 5 spell: Lee's Rapid Deconstruction
  4847 | D        | Bought a book of Minor Magic for 198 gold pieces
  4855 | D        | Bought a book of Rime for 308 gold pieces
  4859 | D        | Learned a level 3 spell: Mephitic Cloud
  4863 | D        | Learned a level 3 spell: Frozen Ramparts
  5005 | D        | Noticed an ogre mage
  5012 | D        | Killed an ogre mage
  5015 | D        | Reached skill level 5 in Poison Magic
  5057 | D        | Noticed an ettin
  5057 | D        | Noticed an ice dragon
  5060 | D        | Offered knowledge of Freezing Cloud by Vehumet.
  5061 | D        | Killed an ettin
  5061 | D        | Noticed a tengu warrior
  5062 | D        | Reached skill level 1 in Ice Magic
  5062 | D        | Reached skill level 22 in Earth Magic
  5063 | D        | Killed an ice dragon
  5064 | D        | Noticed an ice dragon
  5252 | D        | Killed a tengu warrior
  5358 | D        | Noticed an ice dragon
  5359 | D        | Killed an ice dragon
  5454 | D        | Noticed a tengu warrior
  5457 | D        | Killed an ice dragon
  5458 | D        | Reached XP level 13. HP: 41/63 MP: 14/35
  5740 | D        | Noticed Josephine
  5744 | D        | Killed Josephine
  5744 | D        | Offered knowledge of Orb of Destruction by Vehumet.
  5746 | D        | Reached skill level 1 in Air Magic
  5749 | D        | Noticed Rupert
  5753 | D        | Paralysed by Rupert for 4 turns
  5767 | D        | Killed Rupert
  6051 | D        | Noticed a ghost moth
  6053 | D        | Offered knowledge of Lehudib's Crystal Spear by Vehumet.
  6053 | D        | Offered knowledge of Shatter by Vehumet.
  6053 | D        | Offered knowledge of Polar Vortex by Vehumet.
  6054 | D        | Reached skill level 23 in Earth Magic
  6202 | D        | Killed a ghost moth
  6757 | D        | HP: 1/63 [something (12)]
  6757 | D        | Mangled by a ghost moth

Illustrated notes

Levels and vault maps discovered:
D:        linesprint [early_d, line_temple, items_1, d_10, items_2, lair_1,
          lair_end, items_3, orc_1, orc_end, items_4, d_15, swamp_1, shoals_1,
          snake_1, spider_1, d_20, vaults_1, items_5, swamp_end, shoals_end,
          snake_end, spider_end, vaults_end, d_27, items_6, zot_1, zot_end,
          crypt_end, forest_end, elf_end, slime_end, tomb_end, abyss_end,
          pan_hell_end]

Skill      XL: |  1  2  3  4  5  6  7  8  9 10 11 12 13 |
---------------+----------------------------------------+-----
Earth Magic    | 4 8 10 13 15 17 18 20 22 23 | 23.3
Spellcasting   | 4 5 6 9 11 12 14 16 18 19 | 19.8
Dodging        | 2 3 4 5 6 7 |  7.7
Stealth        | 3 4 5 6 |  6.6
Unarmed Combat | 1 |  1.6
Transmutations | 1 2 |  2.8
Conjurations   | 1 2 4 8 11 13 14 | 14.9
Evocations     | 1 2 3 4 |  4.1
Armour         | 3 4 |  4.9
Poison Magic   | 1 2 5 |  5.5
Fire Magic     | 2 |  2.9
Ice Magic      | 1 |  1.0
Air Magic      | 1 |  1.3

Action                   |  1- 3 |  4- 6 |  7- 9 | 10-12 | 13-15 || total
-------------------------+-------+-------+-------+-------+-------++-------
Melee: Unarmed           |    11 |     6 |       |       |       ||    17
       Morningstar       |       |       |     1 |       |     1 ||     2
 Cast: Sandblast         |    15 |     1 |     1 |     8 |       ||    25
       Stone Arrow       |       |     4 |    22 |   157 |       ||   183
       Olgreb's Toxic Ra |       |       |       |     7 |     2 ||     9
       Fireball          |       |       |       |    13 |       ||    13
       Lee's Rapid Decon |       |       |       |    10 |     1 ||    11
       Iron Shot         |       |       |       |     6 |    23 ||    29
       Mephitic Cloud    |       |       |       |     2 |     1 ||     3
       Frozen Ramparts   |       |       |       |     1 |       ||     1
       Starburst         |       |       |       |       |     3 ||     3
Evoke: Wand              |       |     3 |     1 |     3 |     3 ||    10
  Use: Potion            |     6 |       |     2 |       |     4 ||    12
       Scroll            |       |     1 |     1 |     1 |     1 ||     4
Armor: Robe              |     7 |       |     5 |     2 |    13 ||    27
       Troll leather arm |       |       |     1 |    29 |       ||    30
Dodge: Dodged            |    15 |     4 |    22 |    45 |     5 ||    91

Table legend: (Time is in decaauts)
 A = Elapsed time spent in this place.
 B = Non-inter-level travel time spent in this place.
 C = Inter-level travel time spent in this place.
 D = Time resting spent in this place.
 E = Time spent auto-exploring this place.
 F = Levels seen in this place.
 G = Mean time per level.
                   A        B        C        D        E       F      G
               +--------+--------+--------+--------+--------+-----+--------+
         Total |   6760 |   6760 |      0 |   3977 |   1129 |   1 | 6760.0 |
       Dungeon |   6760 |   6760 |      0 |   3977 |   1129 |   1 | 6760.0 |
               +--------+--------+--------+--------+--------+-----+--------+

Top non-repeatable levels by time:
       D: 6760 daAuts
